 Dungeon Crawl Stone Soup version 0.26-a0-84-g8c18429211 (webtiles) character file.

Game seed: 6156509724811199872

94081 jeja the Martial Artist (level 16, -10/109 HPs)
             Began as an Octopode Venom Mage on June 19, 2020.
             Was the Champion of Cheibriados.
             Mangled by a naga warrior
             ... wielding a +0 trident
              (20 damage)
             ... on level 2 of the Snake Pit on June 20, 2020.
             The game lasted 02:28:52 (37658 turns).

jeja the Martial Artist (Octopode Venom Mage)      Turns: 37658, Time: 02:28:53

Health: -10/109    AC:  3    Str: 26    XL:     16   Next: 10%
Magic:  10/30      EV: 19    Int: 40    God:    Cheibriados [******]
Gold:   173        SH: 13    Dex: 31    Spells: 6/35 levels left

rFire    + . .     SeeInvis .     - Unarmed
rCold    . . .     Gourm    .   F - +0 kite shield
rNeg     + + .     Faith    .   k - +2 hat of Least Resistance {rPois rF+ Dex-2}
rPois    +         Spirit   .   a - amulet of the acrobat
rElec    +         Reflect  .   d - ring of positive energy
rCorr    +         Harm     .   j - +6 ring of intelligence
MR       +....                  M - ring "Juarho" {rElec rN+ Str+4 Stlth+}
Stlth    +++++++...             x - ring of resist corrosion
HPRegen  0.28/turn              A - +4 ring of slaying
MPRegen  0.22/turn              K - +4 ring of slaying
                                U - ring of wizardry
                                (no ring)

@: very slow
A: almost no armour, stealthy swim, amphibious, 8 rings, constrict 8, camouflage
1, gelatinous body 1
a: Bend Time, Temporal Distortion, Slouch, Step From Time, Renounce Religion


You were on level 2 of the Snake Pit.
You worshipped Cheibriados.
Cheibriados was exalted by your worship.
You were not hungry.

You visited 5 branches of the dungeon, and saw 23 of its levels.
You also visited: Volcano.

You collected 2085 gold pieces.
You spent 1912 gold pieces at shops.

Inventory:

Hand Weapons
 y - a +1 demon trident of flaming
Missiles
 p - 27 boomerangs (quivered)
 r - 8 throwing nets
 E - 4 silver javelins
 L - 23 poisoned darts
 N - 3 curare-tipped darts
 O - 2 atropa-tipped darts
 P - 5 javelins
Armour
 k - the +2 hat of Least Resistance (worn) {rPois rF+ Dex-2}
   (You acquired it on level 2 of the Lair of Beasts)

   It affects your dexterity (-2).
   It protects you from fire.
   It protects you from poison.
 F - a +0 kite shield (worn)
Magical Staves
 o - an uncursed staff of fire
Jewellery
 a - an amulet of the acrobat (around mantle)
 d - a ring of positive energy (left tentacle)
 j - a +6 ring of intelligence (right tentacle)
 x - a ring of resist corrosion (on tentacle)
 A - a +4 ring of slaying (on tentacle)
 K - a +4 ring of slaying (on tentacle)
 M - the ring "Juarho" (on tentacle) {rElec rN+ Str+4 Stlth+}
   (You bought it in a shop on level 2 of the Orcish Mines)

   [ring of positive energy]

   It affects your strength (+4).
   It insulates you from electricity.
   It protects you from negative energy.
   It makes you more stealthy.
 U - a ring of wizardry (on tentacle)
Wands
 C - a wand of paralysis (9)
 D - a wand of iceblast (5)
 G - a wand of polymorph (8)
 J - a wand of digging (6)
 R - a wand of disintegration (12)
Scrolls
 c - a scroll of summoning
 f - 5 scrolls of blinking
 g - 4 scrolls of magic mapping
 i - 3 scrolls of teleportation
 n - 5 scrolls of enchant armour
 q - 3 scrolls of fear
 t - 5 scrolls of fog
 u - a scroll of amnesia
 v - 7 scrolls of remove curse
 T - a scroll of silence
Potions
 e - a potion of cancellation
 h - 4 potions of might
 l - 4 potions of curing
 m - 4 potions of brilliance
 s - 2 potions of berserk rage {unknown}
 w - 6 potions of stabbing
 z - a potion of mutation
 B - 4 potions of flight
 H - 2 potions of invisibility
 Q - a potion of magic
 S - a potion of lignification
Miscellaneous
 I - a box of beasts
Comestibles
 b - 43 rations


   Skills:
 - Level 10.1 Fighting
 - Level 7.4 Throwing
 - Level 6.4 Dodging
 - Level 7.9 Stealth
 - Level 7.0 Shields
 - Level 14.6 Unarmed Combat
 - Level 10.0 Spellcasting
 - Level 3.4 Conjurations
 - Level 3.2 Hexes
 - Level 3.0 Summonings
 - Level 3.0 Translocations
 + Level 4.6 Transmutations
 - Level 3.0 Fire Magic
 - Level 3.0 Air Magic
 + Level 3.6 Earth Magic
 - Level 10.0 Poison Magic
 - Level 8.0 Invocations


You had 6 spell levels left.
You knew the following spells:

 Your Spells              Type           Power        Failure   Level  Hunger
a - Tukima's Dance        Hex            #####...     1%          3    None
b - Poisonous Vapours     Pois/Air       ######       1%          2    None
c - Mephitic Cloud        Conj/Pois/Air  ######..     1%          3    None
d - Olgreb's Toxic Radia  Pois           #######.     1%          4    None
e - Blink                 Tloc           N/A          1%          2    None
f - Conjure Flame         Conj/Fire      #####...     1%          3    None
g - Call Imp              Summ           #####...     1%          2    None
h - Statue Form           Tmut/Erth      ######...    45%         6    ####...
i - Fulminant Prism       Conj/Hex       #####.....   4%          4    None

Your spell library contained the following spells:

 Spells                   Type           Power        Failure   Level  Hunger
 Corona                   Hex            #####..      1%          1    None
 Infusion                 Chrm           ###.         1%          1    None
 Magic Dart               Conj           ####         1%          1    None
 Sting                    Tmut/Pois      ####         1%          1    None
 Ensorcelled Hibernation  Hex/Ice        ####..       1%          2    None
 Slow                     Hex            #####...     1%          2    None
 Swiftness                Chrm/Air       ####....     1%          2    None
 Confusing Touch          Hex            #####...     1%          3    None
 Dazzling Flash           Conj/Hex       #####.       1%          3    None
 Ignite Poison            Fire/Tmut/Pois ######..     1%          3    None
 Irradiate                Conj/Tmut      ######....   11%         5    None
 Hydra Form               Tmut           ######....   38%         6    ####...
 Freezing Cloud           Conj/Ice/Air   #####.....   75%         6    ####...
 Dragon Form              Tmut           ######....   91%         7    #####..
 Spellforged Servitor     Conj/Summ      #####.....   98%         7    #####..
 Ring of Flames           Chrm/Fire      ####......   100%        7    #####..


Dungeon Overview and Level Annotations

Branches:
Dungeon (12/15)            Temple (1/1) D:7            Lair (6/6) D:11
  Swamp (0/4) Lair:3        Snake (2/4) Lair:2        Slime (0/5) Lair:5
    Orc (2/2) D:11            Elf (0/3) Orc:2       Volcano (visited)

Altars:
Ashenzari
Cheibriados
Dithmenos
Elyvilon
Fedhas
Gozag
Hepliaklqana
Kikubaaqudgha
Makhleb
Nemelex Xobeh
Okawaru
Qazlal
Ru
Sif Muna
Trog
Uskayaw
Vehumet
Wu Jian
Xom
Yredelemnul
Zin
The Shining One
Beogh
Jiyva

Shops:
D:11 (   Orc:2 :*?=

Annotations:
D:4 2 transporters, vurker's ghost, novice FoAM
D:5 exclusion: phantom, Grinder
D:8 exclusions: phantom and two-headed ogre
D:9 exclusion: downstairs
D:10 exclusion: 2 downstairs
D:11 exclusion: 2 downstairs
Lair:2 exclusions: demonic crawler and swamp worm
Lair:3 exclusion: downstairs
Lair:5 exclusion: 2 downstairs


Innate Abilities, Weirdness & Mutations

You cannot wear most types of armour.
You are very stealthy in the water. (Stealth+)
You are amphibious.
You can wear up to eight rings at the same time.
You can use your tentacles to constrict eight enemies at once.
Your skin changes colour to match your surroundings (Stealth+).
Your rubbery body absorbs attacks. (AC +1, EV +1)


Message History

Press: ? - help, Shift-Dir - straight line, f/p - naga warrior
Aim: a naga warrior, wielding a +0 trident (heavily wounded)
You throw a boomerang. The boomerang hits the naga warrior!
The naga warrior is severely wounded.
The shock serpent shoots out a bolt of lightning at you!
The bolt of electricity hits your fulminant prism.
Your fulminant prism resists.
The bolt of electricity hits you. You resist.
Your fulminant prism explodes!
The blast of energy engulfs the naga warrior!!
The naga warrior is almost dead.
The blast of energy engulfs the shock serpent!!
The shock serpent is moderately wounded.
The blast of energy engulfs you!!
* * * LOW HITPOINT WARNING * * *
The shock serpent's electric aura discharges, shocking you!
You resist.
* * * LOW HITPOINT WARNING * * *
The naga warrior hits you from afar with a +0 trident!!
You die...

#....##.........######
#...##[.###.#..##....#
....#..##...#.>......#####
......##...###.###.......#
..#####....#..........#.##
### #.....#.....##...###
########.....##### #.....#
#..#@## ####.†# .N...
#...S## ...... #.#.....
#.##..... .. ....##


You could see a naga warrior and a shock serpent.

Vanquished Creatures
  A stone giant (Volcano)
  An ettin (Orc:2)
  Josephine (D:11)
  8 hydras
  3 naga warriors (Snake:1)
  Harold (D:10)
  6 anacondas
  Erica (D:10)
  A merfolk avatar (Lair:6)
  2 two-headed ogres
  Urug (D:11)
  4 orc high priests (Orc:2)
  6 death yaks (Lair:6)
  Nergalle (Orc:1)
  A naga sharpshooter (Snake:2)
  4 shock serpents
  Sonja (D:10)
  A sea snake (Lair:6)
  2 naga ritualists (Snake:1)
  7 orc knights
  A harpy (Lair:6)
  6 mana vipers
  A deep elf mage (D:12)
  4 salamanders
  2 orc sorcerers
  A manticore (Lair:6)
  An ugly thing (D:11)
  11 elephants
  21 black mambas
  Psyche (D:11)
  2 molten gargoyles (Volcano)
  13 spiny frogs
  A naga mage (Snake:2)
  8 komodo dragons
  An efreet (Volcano)
  10 rime drakes
  4 hornets
  6 polar bears
  5 trolls
  12 hippogriffs
  8 blink frogs (Lair:4)
  6 dream sheep (Lair:6)
  28 yaks
  2 fire bats (Volcano)
  11 wyverns
  5 wraiths
  3 fire elementals (Volcano)
  2 hungry ghosts
  5 basilisks (Lair:5)
  Menkaure (D:6)
  3 wargs
  6 nagas
  3 swamp worms (Lair:2)
  17 water moccasins
  A soldier ant (D:10)
  2 hell hounds (Orc:2)
  3 porcupines
  5 sky beasts
  3 ice beasts
  A phantom (D:10)
  A black bear (Lair:3)
  33 orc warriors
  A necrophage (D:7)
  13 ogres
  35 wolves (Lair:6)
  5 centaurs
  9 crocodiles
  3 big kobolds
  17 bullfrogs
  An earth elemental (Volcano)
  2 gnoll sergeants (D:11)
  3 scorpions
  11 killer bees
  7 wights
  6 howler monkeys
  5 crimson imps
  2 bullfrog zombies
  3 lava snakes (Volcano)
  A quasit (D:8)
  7 hounds
  2 jellies
  29 orc priests
  2 centaur skeletons
  15 orc wizards
  2 bullfrog skeletons
  5 iguanas
  8 worker ants
  2 hound skeletons (D:4)
  17 adders
  8 gnolls
  A shadow imp (D:11)
  An ooze (D:2)
  2 adder skeletons
  4 worms
  2 dart slugs (D:1)
  11 leopard geckos
  92 orcs
  7 bats
  6 giant cockroaches
  8 goblins
  10 hobgoblins
  10 jackals
  6 kobolds
  3 quokkas
  A ball python (D:3)
  A ball python zombie (D:5)
  10 frilled lizards
  A goblin skeleton (D:5)
  A goblin zombie (D:5)
  A hobgoblin zombie (D:5)
  3 kobold skeletons (D:5)
  A leopard gecko skeleton (D:4)
  A quokka skeleton (D:4)
  4 rats
  A plant (Lair:2)
722 creatures vanquished.

Vanquished Creatures (collateral kills)
  An orc high priest (Orc:2)
  A black mamba (Lair:6)
  2 spiny frogs
  A dream sheep (Lair:6)
  A yak (Lair:4)
  An acid dragon (D:12)
  A water moccasin (Lair:2)
  A wolf (Lair:6)
  A bush (Lair:3)
10 creatures vanquished.

Vanquished Creatures (others)
  A dancing weapon (Orc:2)
  3 bushes (Lair:6)
  32 fulminant prisms
  32 fungi
  39 plants
107 creatures vanquished.

Grand Total: 839 creatures vanquished

Notes
Turn   | Place    | Note
-------+----------+-------------------------------------------
     0 | D:1      | jeja the Octopode Venom Mage began the quest for the Orb.
     0 | D:1      | Reached XP level 1. HP: 11/11 MP: 3/3
   104 | D:1      | Reached XP level 2. HP: 17/17 MP: 3/5
   226 | D:1      | Learned a level 2 spell: Poisonous Vapours
   689 | D:1      | Reached XP level 3. HP: 21/21 MP: 6/6
  1723 | D:2      | Reached XP level 4. HP: 27/27 MP: 3/7
  2621 | D:3      | Reached skill level 1 in Unarmed Combat
  2621 | D:3      | Reached XP level 5. HP: 13/31 MP: 5/8
  3148 | D:3      | Learned a level 3 spell: Mephitic Cloud
  3672 | D:4      | Reached skill level 5 in Poison Magic
  4005 | D:4      | Reached XP level 6. HP: 36/36 MP: 5/10
  4142 | D:4      | Reached skill level 1 in Air Magic
  4252 | D:4      | Reached skill level 2 in Unarmed Combat
  4461 | D:4      | Noticed vurker's ghost (novice FoAM)
  4505 | D:4      | Found a transporter.
  4729 | D:4      | Found a transporter.
  4784 | D:4      | Reached XP level 7. HP: 35/41 MP: 6/12
  4962 | D:5      | Entered Level 5 of the Dungeon
  5181 | D:5      | You fall into a shaft and drop 3 floors!
  5205 | D:8      | Learned a level 4 spell: Olgreb's Toxic Radiance
  5423 | D:8      | Reached skill level 5 in Stealth
  5628 | D:7      | Found a staircase to the Ecumenical Temple.
  5639 | Temple   | Entered the Ecumenical Temple
  5751 | Temple   | Became a worshipper of Cheibriados the Contemplative
  5818 | D:7      | Noticed a hungry ghost
  5837 | D:6      | Noticed Menkaure
  5839 | D:6      | Killed Menkaure
  5839 | D:6      | Reached XP level 8. HP: 37/47 MP: 1/13
  5897 | D:6      | Reached skill level 3 in Unarmed Combat
  5913 | D:6      | Reached skill level 1 in Fighting
  6015 | D:6      | Reached skill level 4 in Unarmed Combat
  6100 | D:6      | Found a sacrificial altar of Ru.
  6117 | D:6      | Reached skill level 1 in Invocations
  6145 | D:6      | Reached * piety under Cheibriados
  6352 | D:6      | Found a sand-covered staircase.
  6640 | D:6      | Reached skill level 5 in Unarmed Combat
  6976 | D:5      | Reached ** piety under Cheibriados
  6976 | D:5      | Reached XP level 9. HP: 39/56 MP: 14/14
  7085 | D:5      | Found a glowing golden altar of the Shining One.
  7135 | D:5      | Noticed Grinder
  7164 | D:5      | Found a glowing golden altar of the Shining One.
  7262 | D:5      | Reached skill level 6 in Unarmed Combat
  8718 | D:7      | Reached skill level 1 in Shields
  9009 | D:7      | Reached *** piety under Cheibriados
  9483 | D:7      | Found a sparkling altar of Nemelex Xobeh.
  9636 | D:7      | Reached skill level 7 in Unarmed Combat
  9831 | D:8      | Noticed a two-headed ogre
  9838 | D:8      | Killed a two-headed ogre
  9838 | D:8      | Reached skill level 5 in Spellcasting
  9838 | D:8      | Reached XP level 10. HP: 27/63 MP: 4/17
 10229 | D:8      | Noticed a two-headed ogre
 11046 | D:9      | Reached **** piety under Cheibriados
 11188 | D:9      | Reached skill level 5 in Fighting
 11637 | D:10     | Entered Level 10 of the Dungeon
 11665 | D:10     | Noticed Sonja
 11673 | D:10     | Killed Sonja
 11677 | D:10     | Reached skill level 1 in Conjurations
 11790 | D:10     | Learned a level 2 spell: Blink
 11966 | D:10     | Noticed Harold
 12639 | D:10     | Reached skill level 8 in Unarmed Combat
 12827 | D:10     | Reached skill level 1 in Throwing
 12827 | D:10     | Reached XP level 11. HP: 70/70 MP: 19/19
 12870 | D:10     | Reached ***** piety under Cheibriados
 12871 | D:10     | Reached skill level 1 in Translocations
 13097 | D:10     | Learned a level 3 spell: Conjure Flame
 13184 | D:10     | Killed Harold
 13184 | D:10     | Reached skill level 5 in Invocations
 13496 | D:10     | Reached skill level 1 in Fire Magic
 13688 | D:10     | Learned a level 2 spell: Call Imp
 13730 | D:11     | Noticed Urug
 13739 | D:11     | Noticed Erica
 14011 | D:10     | Killed Erica
 14111 | D:11     | Found a staircase to the Lair.
 15017 | D:11     | Found Yfuor's Antique Weapon Shoppe.
 15226 | D:11     | Noticed Psyche
 15233 | D:11     | Killed Psyche
 15299 | D:11     | Noticed a red ugly thing
 15385 | D:11     | Found a staircase to the Orcish Mines.
 15599 | D:11     | Noticed Josephine
 15762 | D:11     | Killed Josephine
 15762 | D:11     | Reached ****** piety under Cheibriados
 15762 | D:11     | Reached XP level 12. HP: 59/78 MP: 8/22
 16079 | D:11     | Killed Urug
 16079 | D:11     | Reached skill level 5 in Shields
 16259 | D:11     | Reached skill level 9 in Unarmed Combat
 16573 | D:12     | Noticed a two-headed ogre
 16581 | D:12     | Killed a two-headed ogre
 16886 | Lair:1   | Entered Level 1 of the Lair of Beasts
 16962 | Lair:1   | You fall into a shaft and drop 1 floor!
 16962 | Lair:2   | Found a snail-covered altar of Cheibriados.
 17432 | Lair:2   | Identified a scroll of acquirement
 17433 | Lair:2   | Got the +2 hat of Least Resistance {rPois rF+ Dex-2}
 17557 | Lair:2   | Reached skill level 1 in Summonings
 18597 | Lair:2   | Found a staircase to the Snake Pit.
 18719 | Lair:2   | Noticed an eight-headed hydra
 18729 | Lair:2   | Killed an eight-headed hydra
 19289 | Lair:3   | Noticed a six-headed hydra
 19304 | Lair:3   | Killed a six-headed hydra
 19363 | Lair:3   | Reached XP level 13. HP: 75/84 MP: 15/25
 19493 | Lair:3   | Found a staircase to the Swamp.
 19714 | Lair:3   | Reached skill level 10 in Poison Magic
 21325 | Lair:4   | Reached skill level 5 in Throwing
 21453 | Lair:4   | Reached skill level 10 in Unarmed Combat
 21812 | Lair:4   | Found a sparkling altar of Nemelex Xobeh.
 22521 | Lair:5   | Found a viscous altar of Jiyva.
 22571 | Lair:5   | HP: 4/86 [rime drake (3)]
 22572 | Lair:5   | HP: 1/86 [rime drake (3)]
 22574 | Lair:5   | Found a staircase to the Slime Pits.
 24196 | Lair:6   | Entered Level 6 of the Lair of Beasts
 24340 | Lair:6   | Reached XP level 14. HP: 84/94 MP: 16/27
 24369 | Lair:6   | Reached skill level 10 in Spellcasting
 25828 | Lair:6   | Reached skill level 11 in Unarmed Combat
 27432 | Lair:6   | Reached skill level 12 in Unarmed Combat
 28980 | Lair:6   | Identified the Volume of Assistive Blows and Bruises
 29158 | Lair:6   | Reached skill level 13 in Unarmed Combat
 30145 | Orc:1    | Entered Level 1 of the Orcish Mines
 30166 | Orc:1    | Paralysed by an orc sorcerer for 4 turns
 30284 | Orc:1    | Reached skill level 5 in Dodging
 30287 | Orc:1    | Reached XP level 15. HP: 102/102 MP: 14/29
 30802 | Orc:1    | You fall into a shaft and drop 1 floor!
 30802 | Orc:2    | Entered Level 2 of the Orcish Mines
 31285 | Orc:2    | Found a dark tunnel.
 31297 | Volcano  | Entered a volcano
 31542 | Volcano  | Learned a level 3 spell: Tukima's Dance
 31893 | Volcano  | Found a radiant altar of Vehumet.
 32159 | Orc:1    | Noticed Nergalle
 32168 | Orc:1    | Killed Nergalle
 32168 | Orc:1    | Reached skill level 14 in Unarmed Combat
 32305 | Orc:1    | Found a roughly hewn altar of Beogh.
 32678 | Orc:2    | Reached skill level 1 in Hexes
 32813 | Orc:2    | Found a staircase to the Elven Halls.
 33964 | Orc:2    | Found Taomom's Book Boutique.
 33967 | Orc:2    | Found Nekinacu's Magic Scroll Boutique.
 33968 | Orc:2    | Found Waicoech's Jewellery Boutique.
 33969 | Orc:2    | Found Qocreott's General Store.
 33972 | Orc:2    | Bought the ring "Juarho" {rElec rN+ Str+4 Stlth+} for 587
                  | gold pieces
 33977 | Orc:2    | Bought a book of Transfigurations for 935 gold pieces
 33981 | Orc:2    | Bought an uncursed ring of wizardry for 390 gold pieces
 33989 | Orc:2    | Learned a level 6 spell: Statue Form
 34329 | Orc:2    | Learned a level 4 spell: Fulminant Prism
 34432 | Snake:1  | Entered Level 1 of the Snake Pit
 35040 | Snake:1  | Reached skill level 1 in Earth Magic
 35600 | Snake:1  | Reached skill level 10 in Fighting
 37352 | Snake:2  | Reached XP level 16. HP: 79/109 MP: 20/30
 37658 | Snake:2  | Mangled by a naga warrior

Illustrated notes

Levels and vault maps discovered:
D:1:      sevenhm_arrival_forest_fort_large_1, layout_loops_ring,
          minmay_domino_2
D:2:      wander_river, layout_basic
D:3:      layout_loops_ring
D:4:      layout_loops_ring, first_ration, gammafunk_ghost_stat_death
D:5:      layout_basic, basic_altar, nicolae_tso_besieged_by_evil, uniq_grinder
D:6:      layout_basic, nicolae_ru_sacrificial_ziggurat,
          nicolae_ossuary_entry_ruins, minmay_misc_feat_nine_boxes,
          kennysheep_path_1, uniq_menkaure
D:7:      layout_cave_pools, minmay_temple_entry_crystal_x,
          nemelex_diamond_rough_becter
D:8:      minmay_the_grid_octo_tiled_octocenter [minmay_the_grid_octo_checkered,
          minmay_the_grid_octo_fan_narrow, minmay_the_grid_octo_toaster,
          minmay_the_grid_octo_tetromino_candy,
          minmay_the_grid_octo_prize_square_snowflake,
          minmay_the_grid_square_5x5_c, minmay_the_grid_square_5x5_six_small,
          minmay_the_grid_square_5x5_tie,
          minmay_the_grid_square_5x5_checkered_sparse], layout_loops_ring,
          abandoned_shop
D:9:      layout_loops_cross
D:10:     layout_basic, hangedman_pestilent_swarm, grunt_potential, uniq_harold,
          uniq_sonja
D:11:     layout_loops_cross, lair_entry_dummy,
          kennysheep_orc_monster_closet_entryway, serial_shops,
          nicolae_shop_overgrown_old_shop, uniq_josephine, uniq_psyche,
          uniq_erica, uniq_urug
D:12:     layout_irregular_city, trove_entry_hex_spiral
Temple:   regret_index_temple_sigil_plot
Lair:1:   layout_hall_layers
Lair:2:   layout_regular_city, minmay_snake_entry_six_corridors, basic_altar,
          worms_lemuel
Lair:3:   layout_cave_pods, swamp_mist, serial_bayou_shore_b,
          grunt_megastairs_4, infiniplex_staircase_pool
Lair:4:   layout_cave_shapes, basic_altar, chequers_serial_rivers_micro_c,
          chequers_serial_rivers_small_3
Lair:5:   layout_cave_pods, slime_altar_1, special_room
          [special_room_mythical_zoo], serial_bayou_shore_b
Lair:6:   gammafunk_lair_ancient_temple, layout_cave_pods,
          grunt_forest_large_clearings
Snake:1:  layout_gridlike
Snake:2:  layout_honeycomb, st_stairs_9
Orc:1:    nicolae_orc_accident_2, layout_caves, lightli_orcish_oven,
          uniq_nergalle
Orc:2:    st_orc_pillars, layout_diamond_mine, enter_volcano_3

Skill      XL: |  1  2  3  4  5  6  7  8  9 10 11 12 13 14 15 16 |
---------------+-------------------------------------------------+-----
Poison Magic   | 4 5 7 8 9 10 | 10.0
Stealth        | 3 7 |  7.9
Transmutations | 2 3 4 |  4.6
Unarmed Combat | 1 2 5 7 8 9 10 13 14 | 14.6
Spellcasting   | 3 5 7 8 9 10 | 10.0
Air Magic      | 1 3 |  3.0
Fighting       | 3 4 5 6 7 8 9 10 | 10.1
Invocations    | 2 3 4 5 6 7 8 |  8.0
Shields        | 2 3 4 5 7 |  7.0
Conjurations   | 1 2 3 |  3.4
Throwing       | 1 2 4 6 7 |  7.4
Translocations | 2 3 |  3.0
Fire Magic     | 2 3 |  3.0
Summonings     | 2 3 |  3.0
Dodging        | 3 5 6 |  6.4
Hexes          | 3 |  3.2
Earth Magic    | 2 3 |  3.6

Action                   |  1- 3 |  4- 6 |  7- 9 | 10-12 | 13-15 | 16-18 || total
-------------------------+-------+-------+-------+-------+-------+-------++-------
Melee: Unarmed           |    70 |    93 |   156 |   215 |   384 |    14 ||   932
       Constrict         |    19 |    28 |    43 |    48 |    76 |     4 ||   218
       Tentacles         |    14 |    14 |    35 |    85 |   129 |     7 ||   284
       Punch             |       |       |     1 |    18 |    77 |     7 ||   103
Throw: Boomerang         |       |       |    36 |    42 |   213 |    15 ||   306
       Dart              |       |       |       |    11 |    13 |       ||    24
       Throwing net      |       |       |       |     1 |       |       ||     1
       Javelin           |       |       |       |       |     1 |       ||     1
 Cast: Sting             |    27 |    22 |    25 |     3 |       |       ||    77
       Poisonous Vapours |       |    33 |    92 |   199 |   291 |       ||   615
       Olgreb's Toxic Ra |       |       |     5 |    34 |   122 |       ||   161
       Call Imp          |       |       |       |    29 |    40 |       ||    69
       Conjure Flame     |       |       |       |     5 |    12 |       ||    17
       Blink             |       |       |       |     1 |     8 |       ||     9
       Fulminant Prism   |       |       |       |       |    24 |     8 ||    32
       Tukima's Dance    |       |       |       |       |    12 |       ||    12
Invok: Bend Time         |       |       |     1 |       |       |       ||     1
Evoke: Wand              |       |       |     5 |     2 |    12 |       ||    19
       Box of beasts     |       |       |       |     3 |       |       ||     3
  Use: Scroll            |     1 |     1 |     9 |    14 |    20 |       ||    45
       Potion            |       |       |       |       |     5 |       ||     5
 Stab: Sleeping          |     4 |     4 |     4 |     2 |     3 |       ||    17
       Distracted        |       |       |       |     3 |     2 |       ||     5
       Held in net/web   |       |       |       |     2 |       |       ||     2
  Eat: Chunk             |     3 |     9 |    10 |    14 |    18 |       ||    54
       Ration            |       |       |     1 |       |     3 |       ||     4
Armor: Skin              |     9 |     6 |     5 |     1 |    16 |     2 ||    39
Dodge: Dodged            |    50 |    67 |   117 |    71 |   192 |    10 ||   507
Block: Kite shield       |       |       |     7 |   113 |   229 |     9 ||   358

Table legend:
 A = Non-vault XP
 B = Vault XP
 C = Vault XP percentage of total XP
 D = Non-vault monster count
 E = Vault monster count
 F = Vault count percentage of total count
                 A         B        C        D         E       F
            +---------+---------+-------+---------+---------+-------
      Total |   83916 |   50486 |  37.6 |     489 |     241 |  33.0
            +---------+---------+-------+---------+---------+-------
        D:1 |      36 |       5 |  12.2 |      18 |       3 |  14.3
        D:2 |      69 |       0 |   0.0 |      28 |       0 |   0.0
        D:3 |      88 |       0 |   0.0 |      18 |       0 |   0.0
        D:4 |     497 |       0 |   0.0 |      26 |       0 |   0.0
        D:5 |     572 |      56 |   8.9 |      23 |       7 |  23.3
        D:6 |    1126 |     175 |  13.5 |      40 |       1 |   2.4
        D:7 |    1594 |       0 |   0.0 |      28 |       0 |   0.0
        D:8 |    1561 |     132 |   7.8 |      10 |       1 |   9.1
        D:9 |    1172 |       0 |   0.0 |      20 |       0 |   0.0
       D:10 |    2318 |    4019 |  63.4 |      31 |      13 |  29.5
       D:11 |    3174 |    4901 |  60.7 |      37 |      27 |  42.2
       D:12 |    2001 |       0 |   0.0 |       7 |       0 |   0.0
     Lair:1 |    1001 |       0 |   0.0 |       4 |       0 |   0.0
     Lair:2 |    4169 |    2005 |  32.5 |      17 |      17 |  50.0
     Lair:3 |    6134 |     281 |   4.4 |      19 |       1 |   5.0
     Lair:4 |    5802 |       0 |   0.0 |      23 |       0 |   0.0
     Lair:5 |    3665 |    6417 |  63.6 |      10 |      24 |  70.6
     Lair:6 |   17181 |   14695 |  46.1 |      50 |      58 |  53.7
    Snake:1 |   19269 |       0 |   0.0 |      32 |       0 |   0.0
    Snake:2 |    7169 |    1366 |  16.0 |      14 |       2 |  12.5
      Orc:1 |    1680 |    1457 |  46.4 |      13 |      12 |  48.0
      Orc:2 |    3638 |   11133 |  75.4 |      21 |      62 |  74.7
    Volcano |       0 |    3844 | 100.0 |       0 |      13 | 100.0
            +---------+---------+-------+---------+---------+-------
